 Dungeon Crawl Stone Soup version 0.30-a0-292-g0f741e3f8e (webtiles) character file.

Game seed: 15821658360354350257

317 Flugkiller the Cutter (level 6, 17/44 HPs)
             Began as a Demonspawn Gladiator on Oct 17, 2022.
             Quit the game on level 4 of the Dungeon.
             The game lasted 00:01:25 (2262 turns).

Flugkiller the Cutter (Demonspawn Gladiator)        Turns: 2262, Time: 00:01:26

Health: 17/44      AC:  4    Str: 14    XL:     6   Next: 20%
Magic:  6/6        EV: 12    Int: 10    God:
Gold:   146        SH:  0    Dex: 18    Spells: 5/5 levels left

rFire   . . .      SeeInvis .    a - +0 rapier
rCold   . . .      Faith    .    (no shield)
rNeg    + . .      Spirit   +    b - +0 leather armour
rPois   .          Reflect  .    c - +0 helmet
rElec   .          Harm     .    (no cloak)
rCorr   .          Rampage  .    (no gloves)
Will    .....                    (no boots)
Stlth   ++........               i - amulet of regeneration
HPRegen 1.07/turn                f - ring of positive energy
MPRegen 0.20/turn                (no ring)

@: mighty
A: thin skeletal structure 1, powered by pain 1, magic shield, magic
regeneration
a: no special abilities


You were on level 4 of the Dungeon.
You visited 1 branch of the dungeon, and saw 4 of its levels.

You collected 146 gold pieces.

Inventory:

Hand Weapons
 a - a +0 rapier (weapon)
 t - a +1 dagger of venom
   (You found it on level 3 of the Dungeon)
Missiles
 d - 3 throwing nets (quivered)
 e - a javelin
Armour
 b - a +0 leather armour (worn)
 c - a +0 helmet (worn)
Jewellery
 f - a ring of positive energy (left hand)
   (You found it on level 1 of the Dungeon)
 i - an amulet of regeneration (around neck)
   (You found it on level 1 of the Dungeon)
Scrolls
 j - 3 scrolls of teleportation {unknown}
 k - 3 scrolls of identify {unknown}
 m - a scroll of immolation {unknown}
 o - 2 scrolls of vulnerability {unknown}
 s - a scroll of amnesia {unknown}
Potions
 h - a potion of haste {unknown}
 l - a potion of berserk rage {unknown}
 n - a potion of heal wounds {unknown}
 p - a potion of mutation {unknown}
 q - a potion of curing
 r - a potion of degeneration {unknown}


   Skills:
 - Level 2.0 Fighting
 + Level 6.4 Short Blades
 - Level 1.7 Throwing
 - Level 2.6 Dodging


You had 5 spell levels left.
You didn't know any spells.
Your spell library contained the following spells:

 Spells                   Type           Power      Damage    Failure   Level
 Freeze                   Ice            0%         1d3       43%         1
 Frozen Ramparts          Ice            0%         1d1       82%         3
 Hailstorm                Conj/Ice       0%         3d3       82%         3


Dungeon Overview and Level Annotations

Branches:
Dungeon (4/15) Zot: 21745
 Temple: D:4-7

Altars:


Innate Abilities, Weirdness & Mutations

You have a somewhat thin skeletal structure. (Dex +2, Stealth+)
You sometimes gain a little power by taking damage.
When hurt, damage is shared between your health and your magic reserves.
You regenerate magic rapidly.


Message History

No target in view!
No target in view!
No target in view!
No target in view!
No target in view!
A jackal and an endoplasm come into view.
The endoplasm quivers.
The jackal barks!
You barely miss the jackal.
The endoplasm hits you but does no damage.
The jackal closely misses you.
You hit the jackal.
The jackal is heavily wounded.
The jackal bites you. The endoplasm freezes you.
You are frozen.
You closely miss the jackal.
The jackal is heavily wounded.
The jackal closely misses you. The endoplasm hits you.
You hit the jackal but do no damage.
The jackal is poisoned.
The jackal is heavily wounded.
The jackal pauses to sniff the ground.
The jackal bites you.
You hit the jackal.
The jackal looks as sick as possible!
The jackal is severely wounded.
You kill the jackal!
The endoplasm hits you.
You hit the endoplasm.
The endoplasm is poisoned.
The endoplasm is moderately wounded.
The endoplasm barely misses you.
You hit the endoplasm.
The endoplasm is almost dead.
You kill the endoplasm!
No target in view!
No target in view!
No target in view!
No target in view!
No target in view!
HP restored.
An adder comes into view.
The adder hisses angrily.
Grinder comes into view.
There are monsters nearby!
There are monsters nearby!
The adder bites you but does no damage. The adder completely misses you.
The adder attacks as you move away! The adder misses you.
Okay, then.
You closely miss the adder. The adder bites you but does no damage.
You hit the adder.
The adder is heavily wounded.
The adder bites you.
You hit the adder.
The adder is poisoned.
The adder is almost dead.
You kill the adder!
Your +1 dagger of venom stops dripping with poison.
a - a +0 rapier (weapon)
Grinder hits you.
You closely miss Grinder. Grinder hits you!
You writhe in agony.
You closely miss Grinder.
Grinder says, "There's only one good use for a tongue: cutting it out."
Grinder hits you.
You writhe in agony.
You are too injured to fight recklessly!
You hit Grinder.
Grinder is lightly wounded.
Grinder hits you.
It was a potion of might.
You feel very mighty all of a sudden. Grinder gestures at you.
Pain shoots through your body!
* * * LOW HITPOINT WARNING * * *
You puncture Grinder!
Grinder is moderately wounded.
Grinder misses you.
You hit Grinder.
Grinder is moderately wounded.
Grinder hits you.
You writhe in agony.
* * * LOW HITPOINT WARNING * * *
You puncture Grinder!
Grinder is severely wounded.
Grinder drinks a potion.
Grinder is healed!
q - a potion of curing;
h - a black potion You puncture Grinder!
Grinder is severely wounded.
Grinder barely misses you.
You closely miss Grinder.
Grinder is severely wounded.
Grinder closely misses you.
You hit Grinder.
Grinder is almost dead.
Grinder closely misses you.
You puncture Grinder!
You kill Grinder!
Your Short Blades skill increases to level 6!
You have reached level 5!
Your demonic ancestry asserts itself...
You feel your magical essence form a protective shroud around your flesh.
You have reached level 6!
Your demonic ancestry asserts itself...
Your bones become slightly less dense.
Are you sure you want to abandon this character and quit the game? (Confirm with "yes".)

......#...†###
......#..#...##
......##.#....##
##
.....###.##....#
.# .....#
#..##...##.#
##..##...#.##
#..###.#..#
#.....#..#
####..@..#
#####.# .. ..#
.# #


There were no monsters in sight!

Vanquished Creatures
  Grinder (D:4)
  5 adders
  A white imp (D:3)
  A worm (D:3)
  4 orcs (D:3)
  5 bats
  4 endoplasms
  A giant cockroach (D:3)
  9 goblins
  8 hobgoblins
  A jackal (D:4)
  8 kobolds
  2 quokkas
  3 ball pythons
  8 frilled lizards
  3 rats
64 creatures vanquished.

Notes
Turn   | Place    | Note
-------+----------+-------------------------------------------
     0 | D:1      | Flugkiller the Demonspawn Gladiator began the quest for the
                  | Orb.
     0 | D:1      | Reached XP level 1. HP: 16/16 MP: 1/1
    26 | D:1      | Reached skill level 3 in Short Blades
    64 | D:1      | Gained mutation: You sometimes gain a little power by
                  | taking damage. [demonic ancestry]
    64 | D:1      | Reached XP level 2. HP: 21/22 MP: 2/2
   643 | D:1      | Reached XP level 3. HP: 27/27 MP: 3/3
   878 | D:2      | Reached skill level 4 in Short Blades
  1609 | D:3      | Gained mutation: You regenerate magic rapidly. [demonic
                  | ancestry]
  1609 | D:3      | Reached XP level 4. HP: 23/33 MP: 4/4
  2219 | D:4      | Reached skill level 5 in Short Blades
  2243 | D:4      | Noticed Grinder
  2261 | D:4      | Killed Grinder
  2262 | D:4      | Reached skill level 6 in Short Blades
  2262 | D:4      | Gained mutation: When hurt, damage is shared between your
                  | health and your magic reserves. [demonic ancestry]
  2262 | D:4      | Reached XP level 5. HP: 15/38 MP: 5/5
  2262 | D:4      | Gained mutation: You have a somewhat thin skeletal
                  | structure. (Dex +2, Stealth+) [demonic ancestry]
  2262 | D:4      | Reached XP level 6. HP: 17/44 MP: 6/6
  2262 | D:4      | Quit the game

Illustrated notes

Levels and vault maps discovered:
D:1:      tarquinn_simple_flora_water_c, layout_basic
D:2:      layout_loops_ring, serial_rivers, chequers_serial_rivers_micro_c,
          chequers_serial_rivers_micro_c, chequers_serial_rivers_micro_e,
          chequers_serial_rivers_room_b, minivault_24
D:3:      corexii_shack_village, layout_basic, hangedman_decor_clover_reticule
D:4:      minmay_evil_eye, layout_gridville, mainiacjoe_overflow_alcove_4,
          reono_crystal_passage, uniq_blork_the_orc, uniq_grinder,
          uniq_crazy_yiuf_cottage

Skill      XL: |  1  2  3  4 |
---------------+-------------+-----
Short Blades   | 3 4 6 |  6.4
Fighting       | |  2.0
Throwing       | |  1.7
Dodging        | |  2.6

Action                   |  1- 3 |  4- 6 || total
-------------------------+-------+-------++-------
Melee: Rapier            |   162 |    36 ||   198
       Punch             |     1 |     1 ||     2
       Dagger            |       |    28 ||    28
  Use: Potion            |       |     1 ||     1
 Stab: Sleeping          |       |     3 ||     3
Armor: Leather armour    |    59 |    10 ||    69
Dodge: Dodged            |   123 |    27 ||   150

Table legend: (Time is in decaauts)
 A = Elapsed time spent in this place.
 B = Non-inter-level travel time spent in this place.
 C = Inter-level travel time spent in this place.
 D = Time resting spent in this place.
 E = Time spent auto-exploring this place.
 F = Levels seen in this place.
 G = Mean time per level.
                   A        B        C        D        E       F      G
               +--------+--------+--------+--------+--------+-----+--------+
         Total |   2254 |   2145 |    109 |     19 |   1702 |   4 |  563.5 |
       Dungeon |   2254 |   2145 |    109 |     19 |   1702 |   4 |  563.5 |
               +--------+--------+--------+--------+--------+-----+--------+

Top non-repeatable levels by time:
     D:1: 854 daAuts
     D:3: 700 daAuts
     D:2: 658 daAuts
     D:4: 42 daAuts
